 Dungeon Crawl Stone Soup version 0.24-a0-29-g43a6aff (console) character file.

Game seed: 13259610004084608690

10607 Duffy the Cleaver (level 11, -13/100 HPs)
             Began as a Naga Gladiator on Feb 2, 2019.
             Was an Elder of Cheibriados.
             Mangled by an orc warrior
             ... wielding a cursed -3 trident
              (16 damage)
             ... on level 2 of the Orcish Mines.
             The game lasted 00:14:18 (11474 turns).

Duffy the Cleaver (Naga Gladiator)                 Turns: 11474, Time: 00:14:19

Health: -13/100    AC: 20    Str: 30    XL:     11   Next: 64%
Magic:  17/17      EV: 12    Int: 17    God:    Cheibriados [****..]
Gold:   657        SH:  2    Dex: 21    Spells: 10/10 levels left

rFire    + . .     SeeInvis +   a - +2 war axe
rCold    . . .     Gourm    .   (no shield)
rNeg     . . .     Faith    .   k - +3 ring mail
rPois    +         Spirit   .   c - +0 helmet
rElec    .         Reflect  +   A - +2 cloak
rCorr    .         Harm     .   (no gloves)
MR       +....                  g - +1 naga barding
Stlth    +.........             w - +2 amulet of reflection
HPRegen  0.26/turn              i - ring of protection from fire
MPRegen  0.15/turn              (no ring)

@: about to teleport, very slow
A: large, see invisible, deformed body, poison resistance, slowness 2, slow
metabolism 1, spit poison 1, AC +3
a: Spit Poison, Bend Time, Temporal Distortion, Slouch, Renounce Religion


You were on level 2 of the Orcish Mines.
You worshipped Cheibriados.
Cheibriados was greatly pleased with you.
You were not hungry.

You visited 2 branches of the dungeon, and saw 12 of its levels.

You collected 813 gold pieces.
You spent 156 gold pieces at shops.

Inventory:

Hand Weapons
 a - a +2 war axe (weapon)
 e - a +2 whip of flaming
 r - a +0 battleaxe
Missiles
 d - a throwing net (quivered)
 h - 7 javelins
Armour
 c - a +0 helmet (worn)
 g - a +1 naga barding (worn)
 k - a +3 ring mail (worn)
 A - a +2 cloak (worn)
 C - a scarf of repulsion
 D - a +0 troll leather armour
Jewellery
 i - a ring of protection from fire (left hand)
 u - an uncursed ring of ice
 w - a +2 amulet of reflection (around neck)
Wands
 l - a wand of polymorph (15)
 v - a wand of enslavement (8)
 G - a wand of disintegration (9)
Scrolls
 n - 4 scrolls of remove curse
 q - 4 scrolls of teleportation
 s - a scroll of immolation
 t - 2 scrolls of magic mapping
 x - a scroll of fear
 y - 5 scrolls of identify
 z - a scroll of vulnerability
 H - a scroll of torment {unknown}
Potions
 b - a potion of agility
 j - a potion of invisibility
 m - a potion of cancellation
 o - 2 potions of brilliance
 p - a potion of resistance
 B - a potion of lignification {unknown}
 E - a potion of mutation {unknown}
 F - a potion of flight {unknown}
Comestibles
 f - 25 rations


   Skills:
 + Level 7.4 Fighting
 + Level 11.2 Axes
 - Level 1.7 Throwing
 - Level 5.0 Armour
 + Level 6.6 Dodging
 - Level 9.0 Invocations


You had 10 spell levels left.
You didn't know any spells.
Your spell library contained the following spells:

 Spells                   Type           Power        Failure   Level  Hunger
 Infusion                 Chrm           #...         32%         1    ##.....
 Shroud of Golubria       Chrm/Tloc      #.........   43%         2    ###....
 Song of Slaying          Chrm           #.......     43%         2    ###....
 Regeneration             Chrm/Necr      #.........   67%         3    ####...
 Spectral Weapon          Hex/Chrm       #.......     67%         3    ####...
 Ice Form                 Ice/Tmut       #.......     97%         4    #####..
 Metabolic Englaciation   Hex/Ice        #.........   100%        5    ######.
 Bolt of Cold             Conj/Ice       #.........   100%        6    #######
 Freezing Cloud           Conj/Ice/Air   #.........   100%        6    #######
 Ozocubu's Refrigeration  Ice            #.........   100%        6    #######
 Simulacrum               Ice/Necr       #.........   100%        6    #######


Dungeon Overview and Level Annotations

Branches:
Dungeon (10/15)            Temple (0/1) D:6            Lair (0/6) D:8
    Orc (2/2) D:9
    Elf: Orc:2

Altars:
Ashenzari
Cheibriados
Dithmenos
Fedhas
Makhleb
Okawaru
Qazlal
Ru
Trog
Uskayaw
Yredelemnul

Shops:
D:8 ?   Orc:2 [:

Annotations:
D:3 exclusion: upstairs
D:6 2 transporters
D:9 exclusion: oklob plant


Innate Abilities, Weirdness & Mutations

You cannot wear boots.
Your serpentine skin is tough. (AC +3)
You have supernaturally acute eyesight. (SInv)
Armour fits poorly on your strangely shaped body.
Your system is resistant to poisons. (rPois)
You cover ground very slowly.
You have a slow metabolism.
You can spit poison.


Message History

An orc priest comes into view. It is wielding a +0 hand axe.
An orc warrior comes into view. It is wielding a +0 trident.
The orc warrior hits you but does no damage.
The orc knight roars a battlecry!
The orc warrior goes into a battle-frenzy!
The orc warrior barely misses you.
The orc warrior hits you but does no damage.
An orc knight comes into view. It is wielding a +0 bardiche.
Found a stone staircase leading up.
An orc warrior comes into view.
It is wielding a +4 war axe of chopping.
As you read the scroll of teleportation, it crumbles to dust.
You feel strangely unstable.
The orc warrior shouts!
You hear a shout!
The orc warrior hits you with a +4 war axe of chopping!
The orc knight roars a battlecry!
The orc priest goes into a battle-frenzy!
An orc and 2 orc priests come into view.
The orc shouts!
The orc warrior hits you with a cursed -3 trident!
You die...

....... .# .. #..#...#.##.
...........##
............# . ###
#.#...o....# .. ##.##
...........##.#... #...#
#.......o..........# ##.#.
#...................##...
#.......@.................
.......o...........#.##.3.
#............... # ###)
...o....h.#..#.# ##.
.............# # #.3
...o...<......# ##.
.............#.. #.o
.oo...o..... .. #.. #..


You could see an orc knight, a warg, 3 orc warriors, 3 orc priests and an orc.

Vanquished Creatures
  Pikel (D:5)
  2 orc knights (Orc:2)
  A manticore (D:9)
  A centaur skeleton (D:10)
  3 trolls
  Prince Ribbit (D:6)
  A hippogriff (D:9)
  A human (D:7)
  4 yaks (D:10)
  A wyvern (D:10)
  A hungry ghost (D:9)
  4 hogs (D:7)
  5 wargs
  Duvessa (D:6)
  15 orc warriors
  4 sky beasts
  2 phantoms
  2 slaves (D:5)
  7 ogres
  2 black bears (D:9)
  3 centaurs
  A crocodile (D:9)
  A big kobold (D:10)
  3 bullfrogs
  Dowan (D:6)
  A wyvern skeleton (D:10)
  A scorpion (D:9)
  A water moccasin skeleton (D:10)
  5 howler monkeys
  4 crimson imps
  6 hounds
  A jelly (D:7)
  2 bullfrog skeletons
  7 orc priests
  3 iguanas
  18 orc wizards
  4 worker ants
  A howler monkey zombie (D:10)
  A worker ant zombie (D:10)
  4 gnolls (D:5)
  10 adders
  A shadow imp (D:5)
  An adder zombie (D:5)
  2 adder skeletons
  3 worms
  3 dart slugs
  2 leopard geckos
  58 orcs
  A ball python (D:4)
  2 giant cockroaches
  5 goblins
  8 hobgoblins
  9 jackals
  23 kobolds
  A quokka (D:5)
  5 bats
  3 frilled lizards
  4 rats
268 creatures vanquished.

Vanquished Creatures (others)
  A centaur (D:5)
  12 fungi (Orc:2)
13 creatures vanquished.

Grand Total: 281 creatures vanquished

Notes
Turn   | Place    | Note
-------+----------+-------------------------------------------
     0 | D:1      | Duffy the Naga Gladiator began the quest for the Orb.
     0 | D:1      | Reached XP level 1. HP: 19/19 MP: 1/1
   373 | D:1      | Reached XP level 2. HP: 26/26 MP: 2/2
   732 | D:1      | Reached skill level 4 in Axes
   880 | D:1      | Reached XP level 3. HP: 32/32 MP: 3/3
  1281 | D:2      | Found a burning altar of Makhleb.
  1315 | D:2      | Found an iron altar of Okawaru.
  1317 | D:2      | Found a shadowy altar of Dithmenos.
  1360 | D:2      | Found a snail-covered altar of Cheibriados.
  1363 | D:2      | Found a stormy altar of Qazlal.
  1583 | D:2      | Found a hide-covered altar of Uskayaw.
  1583 | D:2      | Noticed a +0 hand axe
  1583 | D:2      | Noticed a +0 hand axe
  1784 | D:3      | Reached XP level 4. HP: 34/39 MP: 4/4
  2059 | D:2      | Became a worshipper of Cheibriados the Contemplative
  2128 | D:2      | Found a sacrificial altar of Ru.
  2218 | D:2      | Reached skill level 1 in Armour
  2997 | D:4      | Reached skill level 5 in Axes
  3050 | D:4      | Reached XP level 5. HP: 41/45 MP: 5/5
  3089 | D:4      | Reached * piety under Cheibriados
  3253 | D:4      | Found a burning altar of Makhleb.
  3398 | D:4      | Reached XP level 6. HP: 48/52 MP: 6/6
  3518 | D:5      | Entered Level 5 of the Dungeon
  3554 | D:5      | Reached skill level 6 in Axes
  3700 | D:5      | Reached XP level 7. HP: 37/60 MP: 7/7
  3969 | D:5      | Reached ** piety under Cheibriados
  3985 | D:5      | Reached skill level 7 in Axes
  4049 | D:5      | Reached XP level 8. HP: 62/67 MP: 8/8
  4443 | D:6      | Noticed Pikel
  4470 | D:5      | Killed Pikel
  4470 | D:5      | Reached skill level 8 in Axes
  4810 | D:6      | Found a basalt altar of Yredelemnul.
  4842 | D:6      | Found a staircase to the Ecumenical Temple.
  4877 | D:6      | Noticed Prince Ribbit
  4877 | D:6      | Noticed Dowan
  4878 | D:6      | Noticed Duvessa
  5037 | D:7      | Reached XP level 9. HP: 26/76 MP: 9/11
  5395 | D:7      | Reached skill level 9 in Axes
  5734 | D:7      | Reached *** piety under Cheibriados
  5734 | D:7      | Reached skill level 5 in Dodging
  6867 | D:8      | Found Panoe's Magic Scroll Emporium.
  6888 | D:8      | Reached **** piety under Cheibriados
  6891 | D:8      | Bought a scroll of fear for 42 gold pieces
  6891 | D:8      | Bought a scroll of identify for 24 gold pieces
  6891 | D:8      | Bought a scroll of vulnerability for 90 gold pieces
  6924 | D:8      | You fall through a shaft!
  6931 | D:9      | Reached XP level 10. HP: 87/87 MP: 13/13
  7011 | D:9      | Reached skill level 5 in Armour
  7163 | D:9      | Reached skill level 5 in Fighting
  7163 | D:9      | Reached skill level 10 in Axes
  7163 | D:9      | Reached skill level 5 in Invocations
  7489 | D:9      | Found a staircase to the Orcish Mines.
  7556 | D:9      | Found a bloodstained altar of Trog.
  7759 | D:9      | Noticed a manticore
  7770 | D:9      | Killed a manticore
  8309 | D:9      | Found a blossoming altar of Fedhas.
  8321 | D:9      | Noticed an oklob plant
  8526 | D:10     | Entered Level 10 of the Dungeon
  8927 | D:10     | Reached ***** piety under Cheibriados
  8935 | D:10     | Found a shattered altar of Ashenzari.
  9403 | D:10     | Reached XP level 11. HP: 82/97 MP: 17/17
 10124 | D:6      | Found a transporter.
 10144 | D:6      | Found a transporter.
 10184 | D:6      | Killed Prince Ribbit
 10192 | D:6      | Killed Duvessa
 10195 | D:6      | Killed Dowan
 10702 | Orc:1    | Entered Level 1 of the Orcish Mines
 11277 | Orc:1    | You fall through a shaft!
 11277 | Orc:2    | Entered Level 2 of the Orcish Mines
 11277 | Orc:2    | Found Yluatep's Book Boutique.
 11277 | Orc:2    | Noticed an orc knight
 11293 | Orc:2    | Killed an orc knight
 11293 | Orc:2    | Reached skill level 11 in Axes
 11301 | Orc:2    | Noticed an orc knight
 11360 | Orc:2    | Found Zootsyif's Antique Armour Shop.
 11382 | Orc:2    | Killed an orc knight
 11466 | Orc:2    | Noticed an orc high priest
 11469 | Orc:2    | Noticed a sun demon
 11472 | Orc:2    | Noticed an orc knight
 11473 | Orc:2    | HP: 4/100 [orc warrior/+4 war axe of chopping (9)]
 11474 | Orc:2    | Mangled by an orc warrior

Vault maps used:
D:1:      roderic_octagonal_star, minmay_misc_feat_iff
D:2:      minmay_angry_zag, nicolae_overflow_hidden_temple,
          dancing_weapons_uskayaw, old_standard_altar, first_ration
D:3:      minmay_between
D:4:      makhleb_heckhound_becter
D:6:      gammafunk_cloud_chamber, temple_pool_b, minivault_10,
          yredelemnul_altar_generic, uniq_duvessa, uniq_prince_ribbit1,
          uniq_pikel
D:7:      grunt_livestock
D:8:      erik_lair_island, serial_shops, shop_statue,
          hangedman_decor_clover_reticule
D:9:      trog_ov_bears_minmay, hiddenorc1_lemuel, tgw_fedhas
D:10:     evilmike_ruin_ashenzari
Orc:2:    grunt_orc_gardens, grunt_orc_garden, grunt_orc_garden,
          grunt_orc_garden, grunt_orc_garden, mines5_lemuel

Skill      XL: |  1  2  3  4  5  6  7  8  9 10 11 |
---------------+----------------------------------+-----
Axes           | 4 5 6 7 8 9 10 11 | 11.2
Armour         | 1 2 3 4 5 |  5.0
Dodging        | 3 4 5 6 |  6.6
Fighting       | 3 4 6 7 |  7.4
Invocations    | 2 4 8 9 |  9.0
Throwing       | |  1.7

Action                   |  1- 3 |  4- 6 |  7- 9 | 10-12 || total
-------------------------+-------+-------+-------+-------++-------
Melee: War axe           |    86 |   146 |   265 |   351 ||   848
Throw: Throwing net      |       |       |     2 |       ||     2
Invok: Slouch            |       |       |       |     6 ||     6
       Bend Time         |       |       |       |     2 ||     2
 Abil: Spit Poison       |     6 |     6 |     8 |     1 ||    21
Evoke: Wand              |       |       |       |     3 ||     3
  Use: Scroll            |       |     7 |     8 |     2 ||    17
       Potion            |       |       |     1 |     2 ||     3
 Stab: Distracted        |       |       |     1 |       ||     1
       Invisible         |       |       |       |     2 ||     2
  Eat: Chunk             |     2 |     6 |     6 |     8 ||    22
       Ration            |       |       |       |     1 ||     1
Armor: Leather armour    |    31 |       |       |       ||    31
       Ring mail         |    14 |   122 |   166 |   193 ||   495
Dodge: Dodged            |    43 |    73 |   141 |   214 ||   471
Block: Other             |       |       |    17 |    23 ||    40
       Reflection        |       |       |     3 |     1 ||     4

Table legend:
 A = Non-vault XP
 B = Vault XP
 C = Vault XP percentage of total XP
 D = Non-vault monster count
 E = Vault monster count
 F = Vault count percentage of total count
                 A         B        C        D         E       F
            +---------+---------+-------+---------+---------+-------
      Total |    9575 |    5579 |  36.8 |     221 |      46 |  17.2
            +---------+---------+-------+---------+---------+-------
        D:1 |      44 |       0 |   0.0 |      26 |       0 |   0.0
        D:2 |      35 |       8 |  18.6 |       8 |       3 |  27.3
        D:3 |      46 |       5 |   9.8 |      16 |       2 |  11.1
        D:4 |     320 |      43 |  11.8 |      19 |       1 |   5.0
        D:5 |     928 |     685 |  42.5 |      30 |       1 |   3.2
        D:6 |      49 |     502 |  91.1 |       4 |       3 |  42.9
        D:7 |    1123 |     955 |  46.0 |      26 |       5 |  16.1
        D:8 |     491 |       0 |   0.0 |       9 |       0 |   0.0
        D:9 |    1896 |     541 |  22.2 |      18 |      19 |  51.4
       D:10 |    3385 |       0 |   0.0 |      41 |       0 |   0.0
      Orc:1 |     963 |       0 |   0.0 |      22 |       0 |   0.0
      Orc:2 |     295 |    2840 |  90.6 |       2 |      12 |  85.7
            +---------+---------+-------+---------+---------+-------
